 Dungeon Crawl Stone Soup version 0.20.1-1-g8b1a95d (webtiles) character file.

15897 tomheterjag the Basher (level 12, -5/106 HPs)
             Began as a Minotaur Berserker on July 8, 2017.
             Was a High Priest of Trog.
             Killed by drain life
             ... invoked by a soul eater
             ... summoned by an orc high priest
              (11 damage)
             ... on level 2 of the Orcish Mines on July 9, 2017.
             The game lasted 03:20:41 (11285 turns).

tomheterjag the Basher (Minotaur Berserker)        Turns: 11285, Time: 03:20:41

Health: -5/106     AC: 20    Str: 20    XL:     12   Next: 5%
Magic:  11/11      EV: 15    Int:  4    God:    Trog [*****.]
Gold:   836        SH: 13    Dex: 17    Spells: 11/11 levels left

rFire    + + +     SeeInvis .   u - +10 eveningstar "Ishisk Ligi" {drain, rElec rPois rF+++ Str-5}
rCold    . . .     Gourm    .   s - +0 shield
rNeg     . . .     Faith    .   a - +0 plate armour
rPois    +         Spirit   .   (helmet restricted)
rElec    +         Reflect  .   Q - +0 cloak
rCorr    .         Harm     .   D - +2 pair of gloves
MR       .....                  (no boots)
Stlth    ..........             (no amulet)
Regen    0.3/turn               x - +2 ring of evasion
MPRegen  0.2/turn               h - ring of poison resistance

@: agile, about to teleport, berserk cooldown, slowed, drained, very slow
A: retaliatory headbutt, horns 2
a: Berserk, Trog's Hand, Brothers in Arms, Burn Spellbooks, Renounce Religion


You were on level 2 of the Orcish Mines.
You worshipped Trog.
Trog was extremely pleased with you.
You were not hungry.

You visited 2 branches of the dungeon, and saw 13 of its levels.

You collected 868 gold pieces.
You spent 32 gold pieces at shops.

Inventory:

Hand Weapons
 m - a +0 flail
 p - a +0 giant spiked club
 q - a +4 flail
 u - the +10 eveningstar "Ishisk Ligi" (weapon) {drain, rElec rPois rF+++ Str-5}
   (Trog gifted it to you on level 11 of the Dungeon)

   A truly terrible weapon, it drains the life of those it strikes.
   It affects your strength (-5).
   It renders you almost immune to fire.
   It insulates you from electricity.
   It protects you from poison.
Armour
 a - a +0 plate armour (worn)
 s - a +0 shield (worn)
 t - a +2 centaur barding of flying
 v - a cursed -1 plate armour
 D - a +2 pair of gloves (worn)
 Q - a +0 cloak (worn)
Jewellery
 h - a ring of poison resistance (right hand)
 x - a +2 ring of evasion (left hand)
 M - an uncursed ring of positive energy
Scrolls
 d - a scroll of silence
 f - a scroll of enchant weapon
 l - 2 scrolls of recharging
 y - 2 scrolls of blinking
 z - 3 scrolls of noise
 J - a scroll of teleportation
 P - 4 scrolls of remove curse
Potions
 b - 4 potions of lignification
 e - 2 potions of haste {unknown}
 i - 2 potions of resistance {unknown}
 j - a potion of degeneration {unknown}
 k - a potion of flight
 n - 2 potions of agility
 o - 2 potions of curing {unknown}
 r - a potion of brilliance {unknown}
 B - a potion of ambrosia {unknown}
 C - 3 potions of magic
 G - 3 potions of heal wounds
 K - 5 potions of mutation
Books
 w - a book of Minor Magic

   Spells                             Type                      Level
   a - Magic Dart                     Conjuration                  1
   b - Blink                          Translocation                2
   c - Call Imp                       Summoning                    2
   d - Slow                           Hexes                        2
   e - Conjure Flame                  Conjuration/Fire             3
   f - Mephitic Cloud                 Conjuration/Poison/Air       3
   Trog disapproves of the use of such an item.
Comestibles
 c - 7 bread rations
 g - 5 meat rations
 E - 7 royal jellies


   Skills:
 + Level 10.2(10.1) Fighting
 + Level 13.8 Maces & Flails
 + Level 11.1 Armour
 + Level 5.1 Dodging
 + Level 1.8 Stealth
 + Level 11.0 Shields


You had 11 spell levels left.
You didn't know any spells.

Dungeon Overview and Level Annotations

Branches:
Dungeon (11/15)            Temple (0/1) D:4            Lair (0/6) D:11
    Orc (2/2) D:11
    Elf: Orc:2

Altars:
Ashenzari
Dithmenos
Makhleb
Xom

Shops:
D:7 !%?(


Innate Abilities, Weirdness & Mutations

You reflexively headbutt those who attack you in melee.
You have a pair of horns on your head.


Message History

The orc wizard mumbles some strange words.
The orc wizard flickers and vanishes!
Deactivating autopickup; reactivate with Ctrl-A.
The soul eater draws from the surrounding life force!
* * * LOW HITPOINT WARNING * * *
The ynoxinul gestures.
The orc high priest looks desperately for an escape route.
The red devil closely misses you. You block the hellwing's attack.
The hellwing hits you but does no damage.
As you read the scroll of teleportation, it crumbles to dust.
You feel strangely unstable. You block the ufetubus's attack. x2
The ufetubus barely misses you. You furiously retaliate!
You headbutt the ufetubus!
You kill the ufetubus!
You block the ynoxinul's attack. You block the hellwing's attack.
The hellwing closely misses you.
The red devil hits you from afar with a trident.
* * * LOW HITPOINT WARNING * * *
The soul eater draws from the surrounding life force!
You die...

...### .. #### .....# †.##
......# ....
...###.....############o...
#...#.................o....
#..................oo.oo...
....................o.......
#...............5....3.......
##..............@34)3........
##.##.#.......54o)))........
#####..........(.))........
##.......................
#...#......(....o........
##......#.).)..(().......
##...........(((........
#.......................
#..........(............


You could see 2 soul eaters, 2 orc high priests, a hellwing, a ynoxinul, an orc
sorcerer (fleeing), a red devil, an orc warrior (fleeing), 5 orc priests and 2
ufetubi.

Vanquished Creatures
  Nessos (Orc:2)
  A hydra (D:10)
  3 two-headed ogres
  Pikel (D:9)
  3 orc sorcerers (Orc:2)
  A cyclops (D:11)
  A gargoyle (D:11)
  2 trolls
  Prince Ribbit (D:7)
  2 hornets
  2 hippogriffs
  Sigmund (D:6)
  8 yaks (D:10)
  A spriggan (D:7)
  Grum (D:8)
  A wraith (D:11)
  A hungry ghost (D:7)
  2 wargs
  A water moccasin (D:7)
  Duvessa (D:6)
  A soldier ant (D:10)
  3 porcupines (D:11)
  13 orc warriors
  An ice beast (D:7)
  A black bear (D:10)
  An eye of draining (D:9)
  2 sky beasts
  4 ogres
  A phantom (D:8)
  3 wolves (D:8)
  5 centaurs
  8 bullfrogs
  Dowan (D:6)
  3 scorpions
  A wyvern zombie (D:6)
  5 killer bees (D:10)
  3 howler monkeys
  3 electric eels
  3 wights (D:8)
  8 crimson imps
  A bullfrog zombie (D:8)
  2 centaur zombies (D:6)
  A quasit (D:7)
  A bullfrog skeleton (D:4)
  4 hounds
  11 orc priests
  Crazy Yiuf (D:6)
  2 jellies
  7 worker ants
  An iguana (D:4)
  16 orc wizards
  A killer bee zombie (D:6)
  A hound zombie (D:6)
  2 hound skeletons
  A howler monkey skeleton (D:4)
  3 worker ant zombies
  9 adders
  3 shadow imps
  An ooze (D:4)
  An adder skeleton (D:6)
  An adder zombie (D:5)
  4 worms
  6 leopard geckos
  29 orcs
  9 bats
  5 giant cockroaches
  6 goblins
  8 hobgoblins
  15 jackals
  5 quokkas
  2 ball pythons
  5 frilled lizards
  2 giant cockroach zombies (D:6)
  A jackal zombie (D:6)
  16 kobolds
  A leopard gecko skeleton (D:6)
  A leopard gecko zombie (D:6)
  A quokka zombie (D:6)
  7 rats
  A fungus (D:11)
  2 plants (D:1)
  7 withered plants (D:6)
308 creatures vanquished.

Vanquished Creatures (others)
  A slave (D:9)
  A jelly (D:9)
  A worker ant (D:10)
  A howler monkey skeleton (D:9)
  3 fungi (D:11)
7 creatures vanquished.

Grand Total: 315 creatures vanquished

Notes
Turn   | Place    | Note
-------+----------+-------------------------------------------
     0 | D:1      | tomheterjag the Minotaur Berserker began the quest for the Orb.
     0 | D:1      | Reached XP level 1. HP: 19/19 MP: 0/0
    81 | D:1      | Reached skill level 4 in Maces & Flails
    81 | D:1      | Reached XP level 2. HP: 4/27 MP: 1/1
   711 | D:1      | Reached XP level 3. HP: 23/33 MP: 2/2
   937 | D:1      | Reached ** piety under Trog
  1316 | D:2      | Reached XP level 4. HP: 32/41 MP: 3/3
  1353 | D:2      | Reached skill level 5 in Maces & Flails
  1761 | D:3      | Reached *** piety under Trog
  1786 | D:3      | HP: 1/41 [orc priest/nerve-wracking pain (14)]
  1906 | D:3      | Found a burning altar of Makhleb.
  1906 | D:3      | Noticed a green death
  1910 | D:3      | Noticed a neqoxec
  1910 | D:3      | Noticed a smoke demon
  1941 | D:3      | You fall through a shaft for 2 floors!
  1941 | D:5      | Entered Level 5 of the Dungeon
  1991 | D:5      | Reached XP level 5. HP: 46/47 MP: 4/4
  2655 | D:4      | Found a staircase to the Ecumenical Temple.
  2732 | D:4      | Reached skill level 1 in Shields
  2866 | D:4      | Reached skill level 5 in Fighting
  2884 | D:4      | Reached skill level 6 in Maces & Flails
  2894 | D:4      | Reached XP level 6. HP: 39/56 MP: 5/5
  3778 | D:6      | Noticed Dowan
  3785 | D:6      | Noticed Duvessa
  3805 | D:6      | Killed Duvessa
  3814 | D:6      | Killed Dowan
  3814 | D:6      | Reached XP level 7. HP: 39/61 MP: 6/6
  4149 | D:6      | Reached skill level 1 in Stealth
  4196 | D:6      | Noticed Sigmund
  4200 | D:6      | Reached skill level 7 in Maces & Flails
  4208 | D:6      | Killed Sigmund
  4208 | D:6      | Reached skill level 5 in Armour
  4441 | D:6      | Reached **** piety under Trog
  4455 | D:6      | Reached XP level 8. HP: 65/69 MP: 7/7
  4661 | D:6      | Reached skill level 8 in Maces & Flails
  4911 | D:6      | Found a runed door.
  4935 | D:6      | Noticed Crazy Yiuf
  4940 | D:6      | Killed Crazy Yiuf
  5300 | D:7      | Noticed Prince Ribbit
  5402 | D:7      | Reached skill level 5 in Shields
  5452 | D:7      | Reached skill level 9 in Maces & Flails
  5603 | D:7      | Reached XP level 9. HP: 71/78 MP: 8/8
  5614 | D:7      | Found Uneak's Food Emporium.
  5616 | D:7      | Found Qiasuuk's Distillery.
  5616 | D:7      | Found Qahu's Weapon Emporium.
  5623 | D:7      | Found Yggomn's Magic Scroll Emporium.
  5809 | D:7      | Killed Prince Ribbit
  5919 | D:7      | Found a shimmering altar of Xom.
  5935 | D:7      | Found a shattered altar of Ashenzari.
  5943 | D:7      | Found a shadowy altar of Dithmenos.
  6196 | D:7      | Bought a scroll of identify for 32 gold pieces
  6311 | D:8      | Reached skill level 10 in Maces & Flails
  6314 | D:8      | Received a gift from Trog
  6865 | D:8      | Noticed Grum
  6874 | D:8      | Killed Grum
  6994 | D:8      | Reached XP level 10. HP: 36/88 MP: 9/9
  7177 | D:8      | Received a gift from Trog
  7302 | D:8      | Noticed a two-headed ogre
  7308 | D:8      | Killed a two-headed ogre
  7308 | D:8      | Reached skill level 11 in Maces & Flails
  7360 | D:8      | Noticed a two-headed ogre
  7379 | D:8      | Killed a two-headed ogre
  7804 | D:9      | Noticed a centaur warrior
  7805 | D:9      | Noticed a centaur warrior
  7861 | D:9      | Noticed Pikel
  7870 | D:9      | Killed Pikel
  7909 | D:9      | Noticed a two-headed ogre
  7914 | D:9      | Killed a two-headed ogre
  7914 | D:9      | Reached skill level 12 in Maces & Flails
  8662 | D:10     | Entered Level 10 of the Dungeon
  8712 | D:10     | Reached XP level 11. HP: 84/97 MP: 10/10
  8839 | D:10     | Reached ***** piety under Trog
  8939 | D:10     | Noticed a four-headed hydra
  8945 | D:10     | Killed a four-headed hydra
  9058 | D:10     | Reached skill level 10 in Armour
 10053 | D:11     | Reached skill level 10 in Shields
 10167 | D:11     | Received a gift from Trog
 10197 | D:11     | Reached skill level 13 in Maces & Flails
 10200 | D:11     | Found a staircase to the Orcish Mines.
 10219 | D:11     | Got an ivory eveningstar {god gift}
 10220 | D:11     | Identified the +10 eveningstar "Ishisk Ligi" {drain, rElec rPois rF+++ Str-5} (Trog gifted it to you on level 11 of the Dungeon)
 10343 | D:11     | Found a staircase to the Lair.
 10804 | Orc:1    | Entered Level 1 of the Orcish Mines
 10922 | Orc:2    | Entered Level 2 of the Orcish Mines
 10927 | Orc:2    | Noticed an orc sorcerer
 10935 | Orc:2    | Killed an orc sorcerer
 10953 | Orc:2    | Noticed an orc sorcerer
 10960 | Orc:2    | Killed an orc sorcerer
 10960 | Orc:2    | Reached skill level 5 in Dodging
 11209 | Orc:2    | Noticed Nessos
 11211 | Orc:2    | Noticed an orc sorcerer
 11216 | Orc:2    | Killed an orc sorcerer
 11216 | Orc:2    | Reached skill level 10 in Fighting
 11236 | Orc:2    | Killed Nessos
 11236 | Orc:2    | Reached XP level 12. HP: 78/106 MP: 11/11
 11266 | Orc:2    | Noticed an orc high priest
 11267 | Orc:2    | Noticed an orc high priest
 11285 | Orc:2    | Killed from afar by a soul eater

Skill      XL: |  1  2  3  4  5  6  7  8  9 10 11 |
---------------+----------------------------------+-----
Maces & Flails | 4 5 6 7 9 10 12 13 | 13.8
Fighting       | 4 5 6 7 9 10 | 10.2
Dodging        | 3 4 5 |  5.1
Shields        | 1 2 3 5 7 9 11 | 11.0
Armour         | 3 5 6 8 9 11 | 11.1
Stealth        | 1 |  1.8

Action                   |  1- 3 |  4- 6 |  7- 9 | 10-12 || total
-------------------------+-------+-------+-------+-------++-------
Melee: Mace              |   132 |    64 |   166 |       ||   362
       Headbutt          |    18 |    31 |    97 |    81 ||   227
       Flail             |       |   147 |   221 |   289 ||   657
       Eveningstar       |       |       |       |   136 ||   136
Invok: Berserk           |     1 |       |     8 |     8 ||    17
       Burn Spellbooks   |       |       |       |     1 ||     1
  Use: Scroll            |       |     8 |    11 |    11 ||    30
       Potion            |       |     2 |     4 |     4 ||    10
 Stab: Invisible         |       |       |     2 |       ||     2
  Eat: Bread ration      |     1 |     1 |     4 |     1 ||     7
       Meat ration       |       |       |     2 |     1 ||     3
       Fruit             |       |       |     1 |     2 ||     3
       Royal jelly       |       |       |       |     1 ||     1
       Chunk             |       |       |       |     1 ||     1
Armor: Animal skin       |     9 |       |       |       ||     9
       Leather armour    |    23 |    25 |       |       ||    48
       Scale mail        |       |    40 |    29 |       ||    69
       Ring mail         |       |    14 |       |       ||    14
       Plate armour      |       |       |    84 |   208 ||   292
Dodge: Dodged            |    61 |    89 |    70 |   139 ||   359
Block: Shield            |     5 |    88 |   133 |   218 ||   444
